Cogmind - Beta 17.1 @@@ ROGUE MODE // 2026.09.09 @ 22:26:38 Player: Firely Result: Destroyed by as-10752 with Assembled Heavy Rifle Performance ------------- Evolutions (0) 0 Regions Visited (2) 400 Robots Destroyed (8) 40 Value Destroyed (262) 262 Prototype IDs (0) 0 Alien Tech Used (0) 0 Bonus (0) 0 TOTAL SCORE: 702 Bonus ------- None Cogmind --------- Core Integrity 0/250 Matter 280/300 Energy 100/100 System Corruption 7% Temperature Cool (49) Movement Walking (120) Location -10/Mines Parts ------- > --- POWER (1) -------- (None) > --- PROPULSION (2) --- Aluminum Leg Aluminum Leg > --- UTILITY (2) ------ Medium Storage Unit > --- WEAPON (2) ------- (None) > --- INVENTORY (10) --- Light Ion Engine Aluminum Leg Aluminum Leg Scrap Suit Improved Heat Sink Medium Storage Unit Assault Rifle Assault Rifle Peak State ------------ > --- POWER ------------ Ion Engine > --- PROPULSION ------- Light Treads Light Treads > --- UTILITY ---------- Medium Storage Unit Visual Processing Unit > --- WEAPON ----------- Particle Gun Assault Rifle > --- INVENTORY -------- Light Ion Engine Aluminum Leg Aluminum Leg Aluminum Leg Aluminum Leg Improved Heat Sink Medium Storage Unit EM Pulse Gun Grenade Launcher Mining Claw [Rating: 10] Favorites ----------- Power Ion Engine Engine Ion Engine Propulsion Light Treads Treads Light Treads Leg Aluminum Leg Utility Medium Storage Unit Storage Medium Storage Unit Processor Visual Processing Unit Protection Power Shielding Weapon Assault Rifle Energy Gun Medium Laser Ballistic Gun Assault Rifle Launcher Grenade Launcher Build | -11 -10 -10 ------- Run | Yrd Mat Min Slots Evolved . | . . . Power . | . . . Propulsion . | . . . Utility . | . . . Weapon . | . . . Parts Attached 16 | 5 10 1 Power 3 | 1 2 . Engine 3 | 1 2 . Core . | . . . Reactor . | . . . Propulsion 4 | 2 2 . Treads 2 | 2 . . Leg 2 | . 2 . Wheel . | . . . Hover . | . . . Flight . | . . . Utility 4 | 1 3 . Device . | . . . Storage 2 | 1 1 . Processor 1 | . 1 . Hackware . | . . . Protection 1 | . 1 . Artifact . | . . . Weapon 5 | 1 3 1 Energy Gun 3 | . 3 . Energy Cannon . | . . . Ballistic Gun 1 | 1 . . Ballistic Cannon . | . . . Launcher 1 | . . 1 Special Weapon . | . . . Impact Weapon . | . . . Slashing Weapon . | . . . Piercing Weapon . | . . . Special Melee Weapon . | . . . Unidentified Prototypes . | . . . Parts Lost 4 | . . 4 Power 1 | . . 1 Propulsion . | . . . Utility 1 | . . 1 Weapon 2 | . . 2 Highest Loss Streak 4 | . . 4 To Critical Strikes . | . . . Average Backups 8 | 3 8 8 Power . | . 1 1 Propulsion 3 | 1 3 2 Utility 1 | . 1 3 Weapon 2 | 1 2 2 Tool/Special . | . . . Unused Backups 14 | . 6 8 Power 1 | . . 1 Propulsion 6 | . 4 2 Utility 4 | . . 4 Weapon 3 | . 2 1 Tool/Special . | . . . Average Slot Usage (%) 96 | . 96 94 Engine 13 | . 14 12 Treads 23 | . 27 . Leg 4 | . . 28 Storage 14 | . 14 14 Processor 8 | . 8 12 Protection 2 | . 2 . Energy Gun 13 | . 14 12 Ballistic Gun 13 | . 14 10 Peak Build Rating 10 | 5 10 10 Average Rating 8 | 4 8 9 On Entrance 5 | . 5 10 Avg Prop Armor Cover (%) . | . . . Naked Turns . | . . . Heaviest Build 20 | 10 20 20 Greatest Support 40 | 40 40 20 Greatest Overweight (x) . | . . . Average Overweight (x) . | . . . Largest Inventory Capacity 10 | 8 10 10 Average Capacity 9 | 7 9 10 Most Carried 10 | 7 10 9 Average Carried 8 | 4 8 8 Final Capacity 10 | 8 10 10 Final Carried 9 | 7 8 9 Class Distribution -------------------- 100% | Mutant Dominant Class ---------------- Mutant | -10/Materials Mutant | -10/Mines Resources | -11 -10 -10 ----------- Run | Yrd Mat Min Matter Collected 425 | 216 189 20 Remotely . | . . . Salvage Created 312 | . 297 15 Parts 19 | . 19 . Haulers Intercepted . | . . . Recyclers Shooed . | . . . Parts Field Recycled . | . . . Retrieved Matter . | . . . Parts Self-Destructed . | . . . Prevented . | . . . Parts Restored . | . . . Kills | -11 -10 -10 ------- Run | Yrd Mat Min Combat Hostiles Destroyed 11 | . 6 5 Guns 6 | . 5 1 AOE 4 | . . 4 Classes Destroyed 3 | . 2 1 Watcher 2 | . 2 . Grunt 6 | . 6 . Assembled 5 | . . 5 Best Kill Streak 5 | . 3 5 Combat Bots Only 5 | . 3 5 Max Kills in Single Turn 3 | . 1 3 Gunslinging . | . . . Exploded 3 | . . 3 Melee . | . . . Uniques/NPCs Destroyed . | . . . Combat | -11 -10 -10 -------- Run | Yrd Mat Min Hostile Shots Fired 67 | . 30 37 Missed 10 | . 3 7 Hits 57 | . 27 30 Melee 5 | . . 5 Projectile 52 | . 27 25 Damage Taken 979 | . 330 649 Core 263 | . 78 185 Absorbed by Shields . | . . . Core Remaining (%) 100 | 100 . . Volleys Fired 32 | . 25 7 Largest 2 | . 2 2 Hottest 95 | . 85 95 Shots Fired 59 | . 50 9 Gun 56 | . 50 6 Cannon . | . . . Launcher 3 | . . 3 Special . | . . . Kinetic 25 | . 25 . Thermal 31 | . 25 6 Explosive 3 | . . 3 Electromagnetic . | . . . Robot Hit Streak 14 | . 14 6 Robot Miss Streak 3 | . 2 3 Penetration Max . | . . . Secondary Targets 2 | . 2 . Max Gunslinging Chain 1 | . 1 . Shots Hit Robots 39 | . 35 4 Core Hits 27 | . 14 13 Critical Kills . | . . . Critical Parts Destroyed . | . . . Critical Strikes 4 | . 4 . Burn 4 | . 4 . Melee Attacks . | . . . Impact . | . . . Slashing . | . . . Piercing . | . . . Sneak Attacks . | . . . Combat Hostiles . | . . . Follow-up Attacks . | . . . Damage Inflicted 876 | . 436 440 Guns 483 | . 436 47 Cannons . | . . . Explosions 393 | . . 393 Melee . | . . . Ramming . | . . . Kinetic 164 | . 164 . Thermal 319 | . 272 47 Explosive 393 | . . 393 Electromagnetic . | . . . Impact . | . . . Slashing . | . . . Piercing . | . . . Highest Corruption 7 | . . 7 Average Corruption 5 | . . 5 Corruption Purged . | . . . Corruption Blocked . | . . . Overload Shots . | . . . Overflow Damage . | . . . Projectiles . | . . . Explosions . | . . . Melee . | . . . Knockbacks . | . . . Impact . | . . . Kinetic . | . . . Secondary . | . . . Self-Inflicted Damage 78 | . . 78 Shots 2 | . . 2 Rammed . | . . . Targets Rammed . | . . . Kicked . | . . . Crushed . | . . . Highest Temperature 210 | . 210 202 Average Temperature 85 | . 79 114 Received Heat Transfer 226 | . 186 40 Siege Activations . | . . . Martial Activations . | . . . Shielding Activations . | . . . Robots Disrupted . | . . . Combat Hostiles . | . . . Robots Corrupted . | . . . Combat Hostiles . | . . . Parts Fried . | . . . Impact Corruptions . | . . . Robots Melted 1 | . 1 . Combat Hostiles 1 | . 1 . Parts Melted 5 | . 5 . Heat Transferred 1184 | . 1073 111 Parts Sabotaged . | . . . Parts Stolen . | . . . Parts Stripped . | . . . Power Chain Reactions . | . . . Alert | -11 -10 -10 ------- Run | Yrd Mat Min Maximum Alert Level . | . . . Low Security (%) 100 | 100 100 100 Level 1 . | . . . Level 2 . | . . . Level 3 . | . . . Level 4 . | . . . Level 5 . | . . . High Security . | . . . Max Security . | . . . Peak Influence 62 | . 62 18 Initial . | . . . Average 12 | . 16 2 Influence Increases 198 | . 162 36 Destroy 0b10 Robot/C 120 | . 120 . Destroy 0b10 Robot/NC 10 | . 10 . Destroy Leader 24 | . 24 . Successful Hack 16 | . 7 9 Destroy Structure 28 | . 1 27 Influence Decreases 198 | . 161 37 Entered New Map 1 | . . 1 Time Decay 179 | . 161 18 Lost Part 18 | . . 18 Squads Dispatched . | . . . Investigation . | . . . Extermination . | . . . Reinforcement . | . . . Assault . | . . . Garrison . | . . . Intercept . | . . . Searches Triggered . | . . . Construction Impeded . | . . . Haulers Reinforced . | . . . Active Scanning Responses . | . . . Cargo Convoy Interrupts . | . . . Stealth | -11 -10 -10 --------- Run | Yrd Mat Min Distress Signals 2 | . 2 . Communications Jammed . | . . . Distress Signals . | . . . Times Spotted 24 | . 12 12 Peak Tracking Total 12 | . 4 12 Tactical Retreats . | . . . Traps | -11 -10 -10 ------- Run | Yrd Mat Min Traps Triggered . | . . . Indirectly . | . . . Trap Hack Attempts . | . . . Triggered . | . . . Disarmed . | . . . Reprogrammed . | . . . Reused . | . . . Traps Extracted . | . . . Installed . | . . . Triggered . | . . . Machines | -11 -10 -10 ---------- Run | Yrd Mat Min Machines Disabled . | . . . Max in Single Turn . | . . . Machines Repaired . | . . . Machines Dismantled . | . . . Machines Sabotaged . | . . . Overloaded Fab Kills . | . . . Hacking | -11 -10 -10 --------- Run | Yrd Mat Min Machines Accessed 6 | . 4 2 Terminals 4 | . 3 1 Fabricators . | . . . Repair Stations . | . . . Recycling Units 1 | . 1 . Scanalyzers . | . . . Garrison Access . | . . . Total Hacks 13 | . 10 3 Successful 7 | . 4 3 Failed 6 | . 6 . Catastrophic . | . . . Database Lockouts . | . . . Manual . | . . . Terminals 10 | . 8 2 Fabricators . | . . . Repair Stations . | . . . Recycling Units 2 | . 2 . Scanalyzers . | . . . Garrison Access . | . . . Terminal Hacks 5 | . 2 3 Open Door 1 | . . 1 Branch Access Points 1 | . 1 . Dispatch Records 1 | . . 1 Hauler Manifests 1 | . 1 . Zone Layout 1 | . . 1 Fabricator Hacks . | . . . Repair Station Hacks . | . . . Recycling Unit Hacks 2 | . 2 . Process 1 | . 1 . Report Inventory 1 | . 1 . Scanalyzer . | . . . Garrison Access Hacks . | . . . Unauthorized Hacks . | . . . Terminals . | . . . Fabricators . | . . . Repair Stations . | . . . Recycling Units . | . . . Scanalyzers . | . . . Garrison Access . | . . . Data Cores Recovered . | . . . Used . | . . . Hacking Detections 4 | . 4 . Full Trace Events . | . . . Feedback Events . | . . . Feedback Blocked . | . . . Robot Schematics Acquired . | . . . Robots Built . | . . . Authchips . | . . . Time . | . . . Total Robot Build Rating . | . . . Part Schematics Acquired . | . . . Parts Built . | . . . Authchips . | . . . Time . | . . . Total Part Build Rating . | . . . Part Studies Acquired . | . . . Parts Repaired . | . . . Time . | . . . Parts Recycled . | . . . Recycled Matter 16 | . 16 . Retrieved Matter . | . . . Retrieved Components . | . . . Parts Scanalyzed . | . . . Part Schematics Acquired . | . . . Parts Damaged . | . . . Bothacking | -11 -10 -10 ------------ Run | Yrd Mat Min Used RIF Installer . | . . . Robots Hacked . | . . . Non-combat . | . . . Combat . | . . . Robot Hacks Applied . | . . . Relay Couplers Released . | . . . Fabnet Peak Effective % . | . . . Robots Rewired . | . . . Allies Hacked . | . . . Hacks Repelled . | . . . Allies | -11 -10 -10 -------- Run | Yrd Mat Min Total Allies . | . . . Largest Group . | . . . Highest-Rated Group . | . . . Highest-Rated Ally . | . . . Total Orders . | . . . Ally Attacks . | . . . Total Damage . | . . . Kills . | . . . Allies Corrupted . | . . . Allies Melted . | . . . Intel | -11 -10 -10 ------- Run | Yrd Mat Min Active Infowar (turns) 466 | . 373 93 Optics 466 | . 373 93 Robot Analysis Total . | . . . Derelict Logs Recovered 1 | . . 1 Drone Launches . | . . . Drone Recoveries . | . . . Exploration | -11 -10 -10 ------------- Run | Yrd Mat Min Turns Passed 819 | 80 641 98 Spaces Moved 438 | 44 328 66 Core 3 | 3 . . Treads 361 | 41 320 . Legs 74 | . 8 66 Wheels . | . . . Hover . | . . . Flight . | . . . Fastest Speed 50 | 50 120 120 Average Speed 152 | 152 159 120 Slowest Speed 160 | 160 160 120 Overloaded Moves . | . . . Propulsion Burnouts . | . . . Robots Hopped . | . . . Potential Cave-ins . | . . . Cave-ins Triggered 1 | . . 1 Exploration Rate (%) 33 | 3 61 36 Regions Visited 2 Branch Regions 1 Pre-discovered Areas 1 | . . 1 Known Exits Taken 1 | . 1 . Unknown Exits Taken 1 | 1 . . Scrap Searched 1 | . . 1 Spaces Dug . | . . . Terrain Destroyed 29 | . . 29 Melee . | . . . Projectile . | . . . AOE 29 | . . 29 Terrain Rammed . | . . . Walls Destroyed . | . . . Machines Disabled . | . . . Actions | -11 -10 -10 --------- Run | Yrd Mat Min Total 533 | 55 402 76 Wait 14 | . 14 . Move 436 | 43 327 66 Hop . | . . . Pick Up 20 | 7 12 1 Fast Attach 6 | 5 1 . Attach 2 | . 2 . Detach . | . . . Swap 8 | . 7 1 Drop 15 | . 14 1 Fire 32 | . 25 7 Melee . | . . . Ram . | . . . Kick . | . . . Crush . | . . . Escape Stasis . | . . . Rewire . | . . . Trap . | . . . Miscellaneous . | . . . Route ------- -11/Scrapyard -10/Materials (discovered 2 exits: [*Mat] / *Min) -10/Mines History --------- Turn | Location | Event 48 | -11/Scrapyard | Discovered new exit (range 16) 81 | -11/Scrapyard | Entered Materials 309 | -10/Materials | Build established: Mutant 525 | -10/Materials | Discovered new exit (range 18) 654 | -10/Materials | Identified exit to Mines 722 | -10/Materials | Entered Mines 734 | -10/Mines | Met a Derelict who couldn't figure out how to use a Trap Extractor 771 | -10/Mines | Assembled infested the area 775 | -10/Mines | Found a Scrap Suit stashed away for nefarious purposes 778 | -10/Mines | Found Scrap Suit 795 | -10/Mines | Learned location of Storage (-8) 806 | -10/Mines | Core integrity fell below 50% 815 | -10/Mines | Crushed by falling debris 816 | -10/Mines | Core integrity fell below 20% 820 | -10/Mines | Destroyed by as-10752 with Assembled Heavy Rifle Last Messages --------------- as-07302 destroyed. as-53906 destroyed. Knocked back. G-34 Mercenary destroyed. as-95944 destroyed. as-34098 destroyed. as-69256 destroyed. Knocked back. The unstable cave ceiling collapses. Grenade Launcher destroyed. Particle Gun destroyed. System corrupted by crushing effect (+3). The unstable cave ceiling collapses. Crushed by falling debris. [Achievement: Unlikely Earthworm] Visual Processing Unit destroyed. System corrupted by crushing effect (+1). Ion Engine destroyed. System corrupted by crushing effect (+3). K-01 Serf collects debris. Map ----- +----------------------------------------------------+ | ??????????????????????## ######??# #??????? | | ??????????????????????# #??# """ #??????? | | ??????????????????????#] ]=!!#???# """ #??????? | | ??????????????????????# ! #???# """ #??????? | | ???????????????????????#/ %! ###?# #??????? | | ??????????????????????## !! ### """ #??????? | | ??????????????????????# """ #??????? | | ???????????????####???# """ #??????? | | ??????###?????## ##??# ## ## #??????? | | ????## #???## #### ## #??????? | | #### #### ####T#######??????? | | ##??###????????????? | | ##### ####??????????????????? | | ?# ##???# #?????????????????????? | | ?###### ##????# #?????????????????????? | | ??????## ## ##??#### ##????????????????????? | | ???????## ######??## k ##???????????????????? | | ????????## #???????# #???????????????????? | | ??###????# #???????# """ #???????????????????? | | ?## #??## ##??????# """ #???????????????????? | | ## ### ###????## """ #???????????????????? | | # #?????## ##???????????????????? | | #?????## ##????????????????????? | | ##?????# ##????????????????????? | | ##??????# ##???????????????????? | | ### ##?????## a@ ##??????????????????? | | ???## ##????# #??????????????????? | | ##?????# ! ###### aa# #??????????????????? | | ???????## ##??????????????????? | | ????????## ###### ##???????????????????? | | ?????????## ##????# #????????????????????? | | ??????????#####?????# a #????????????????????? | | ????????????????????## # a#????????????????????? | | ?????????????????????## ## a ???????????????????? | | ??????????????????????#a ?# ??????????????????? | | ?????????????????????? ?? ?????????????????? | | ?????????????????????? ?? ]% ????????????????? | | ?????????????????????? % ?? !% ???????????????? | | ????????????????????? #? ??????????????? | | ????????????????????? =#? # #?????????????? | | ????????????????????? "!|%?? = #?????????????? | | ????????????????????? ##??? !%=!?????????????? | | ????????????????????? #?????? ????????????????? | | ????????????????????? #??????????????????????????? | | ?????????????????????????????????????????????????? | | ?????????????????????????????????????????????????? | | ?????????????????????????????????????????????????? | | ?????????????????????????????????????????????????? | | ?????????????????????????????????????????????????? | | ?????????????????????????????????????????????????? | +----------------------------------------------------+ Best States ------------- Heat Dissipation 25 Energy Generation 10 Energy Capacity 250 Matter Stores 300 Matter Capacity 300 Sight Range 18 Terrain Scan Density 10 Power Shielding 33 Evasion (%) 55 Recoil Reduction 2 Item Schematics ----------------- None Robot Schematics ------------------ None Fabricated ------------ Nothing Repaired ---------- Nothing Studied --------- None Alien Tech Used ----------------- None Achievements -------------- Unlikely Earthworm Challenges ------------ None Game ------ Seed MetafiberEfficiencyStorm Manual? 0 Play Time 00:16:41 Cumulative 24.2 hours Start 2026.09.09 @ 22:12:09 End 2026.09.09 @ 22:26:38 Sessions 1 Manual Loads 0 Difficulty Rogue Special Mode None Game No. 14 Rogue 14 Adventurer 0 Explorer 0 Win Type - Total 0 Types 0/0/0/0/0/0/0/0/0/0 Lore% 17 Gallery% 17 Achievement% 14 Wizard Run 0 Options --------- Layout 1 ASCII 0 Keyboard 0 Movement Numpad Keybinds 0 Fullscreen 1 Font 32/SmallcapsGlow Map View 50x40 Zoom Use 0% Tactical HUD 0 Map Filters NONE Filters NONE Steam 1 RUN: e1426ee4-f72e-4da5-a119-d967c0b8fa89